 Dungeon Crawl Stone Soup version 0.30-a0-222-ge547ba4400 (webtiles) character file.

Game seed: 5680537698585344306

3705 Aibolit the Cleaver (level 10, 0/86 HPs)
             Began as a Hill Orc Fighter on Oct 8, 2022.
             Was an Initiate of Gozag.
             Slain by a wight
             ... wielding a +3 falchion of freezing
              (12 damage)
             ... on level 8 of the Dungeon.
             The game lasted 00:12:14 (7270 turns).

Aibolit the Cleaver (Hill Orc Fighter)              Turns: 7270, Time: 00:12:15

Health: 0/86       AC: 15    Str: 27    XL:     10   Next: 14%
Magic:  10/10      EV:  9    Int:  8    God:    Gozag
Gold:   415        SH: 10    Dex: 10    Spells: 9/9 levels left

rFire   + . .      SeeInvis .    a - +0 war axe (venom)
rCold   . . .      Faith    .    c - +0 buckler
rNeg    . . .      Spirit   .    A - +0 chain mail
rPois   .          Reflect  +    (no helmet)
rElec   .          Harm     .    z - scarf {shadows}
rCorr   .          Rampage  .    i - +2 pair of gloves {Str+3}
Will    .....                    r - +0 pair of boots
Stlth   ..........               l - amulet of reflection
HPRegen 0.34/turn                G - ring of flight
MPRegen 0.12/turn                B - ring of protection from fire

@: flying
A: no striking features
a: Renounce Religion, Potion Petition, Call Merchant, Bribe Branch


You were on level 8 of the Dungeon.
You worshipped Gozag.
Gozag was aware of your devotion.
You visited 2 branches of the dungeon, and saw 9 of its levels.

You collected 1110 gold pieces.
You spent 600 gold pieces at shops.
You paid 95 gold pieces to Gozag.

Inventory:

Hand Weapons
 a - a +0 war axe of venom (weapon)
Missiles
 x - a throwing net (quivered)
Armour
 c - a +0 buckler (worn)
 i - a +2 pair of gloves of strength (worn)
 r - a +0 pair of boots (worn)
 z - a scarf of shadows (worn)
 A - a +0 chain mail (worn)
Jewellery
 l - an amulet of reflection (around neck)
 m - a ring of willpower
 B - a ring of protection from fire (right hand)
 E - a ring of fire
 G - a ring of flight (left hand)
Wands
 o - a wand of flame (58)
Scrolls
 b - a scroll of fear
 f - 4 scrolls of magic mapping
 h - 2 scrolls of teleportation
 p - a scroll of vulnerability
 q - 3 scrolls of identify
 w - a scroll of silence
 F - a scroll of blinking
Potions
 d - 7 potions of might
 e - 4 potions of haste {unknown}
 g - a potion of cancellation {unknown}
 j - 2 potions of degeneration {unknown}
 k - 3 potions of flight {unknown}
 n - 6 potions of curing
 s - 2 potions of brilliance {unknown}
 t - a potion of berserk rage {unknown}
 u - a potion of magic {unknown}
 v - 4 potions of heal wounds {unknown}
 C - a potion of attraction {unknown}
 D - a potion of lignification {unknown}


   Skills:
 + Level 7.5 Fighting
 + Level 12.5 Axes
 + Level 7.5 Armour
 + Level 2.5 Dodging
 + Level 7.2 Shields


You had 9 spell levels left.
You didn't know any spells.
Your spell library contained the following spells:

 Spells                   Type           Power      Damage    Failure   Level
 Beastly Appendage        Tmut           0%         N/A       95%         1
 Wereblood                Tmut           0%         N/A       99%         2
 Spider Form              Tmut/Pois      0%         N/A       100%        3


Dungeon Overview and Level Annotations

Branches:
Dungeon (8/15)             Temple (1/1) D:6
   Lair: D:8-11

Altars:
Ashenzari
Cheibriados
Dithmenos
Elyvilon
Fedhas
Gozag
Hepliaklqana
Makhleb
Nemelex Xobeh
Okawaru
Qazlal
Ru
Sif Muna
Trog
Uskayaw
Vehumet
Wu Jian
Xom
Yredelemnul
The Shining One

Shops:
D:2 (*(**   D:4 :


Message History

You are too injured to fight recklessly!
You are too injured to fight recklessly!
You are too injured to fight recklessly!
You slice the wight!!
You destroy the wight!
A wight comes into view.
It is wielding a +3 falchion of freezing.
Things that are here:
6 gold pieces; a +0 battleaxe; a +0 robe The wight hits you with a +1 vorpal trident.
* * * LOW HITPOINT WARNING * * *
x2 You are too injured to fight recklessly!
You are too injured to fight recklessly!
You barely miss the wight. The wight misses you.
You hit the wight.
The wight is moderately damaged.
You barely miss the wight. The wight closely misses you.
You block the wight's attack.
You hit the wight but do no damage.
The wight is moderately damaged.
You closely miss the wight. You slice the wight!!
You destroy the wight!
You slash the wight! You block the wight's attack.
You block the wight's attack.
Things that are here:
5 gold pieces; a +1 vorpal trident; a +0 robe You barely miss the wight.
The wight is heavily damaged.
You block the wight's attack.
You barely miss the wight.
The wight is heavily damaged.
The wight hits you with a +3 falchion of freezing!
* * * LOW HITPOINT WARNING * * *
The wight freezes you.
* * * LOW HITPOINT WARNING * * *
You closely miss the wight.
The wight is heavily damaged.
The wight hits you with a +3 falchion of freezing!
You die...
Your body crumbles into a pile of gold.

.>.# .##
...# ..8#
$.##..#
......#
#.....##
#.....8#
#####.# ..#
#.....##..#
#####@z...##
#.$...⌠#
##$...##
##...# #...#
##..8# ..##
..# .. . ..#
... #


You could see a wight.

Vanquished Creatures
  Grinder (D:5)
  Sigmund (D:5)
  Eustachio (D:5)
  Menkaure (D:6)
  Edmund (D:4)
  2 water moccasins
  An ice beast (D:7)
  A black bear (D:5)
  3 orc warriors
  A sky beast (D:7)
  An ogre (D:5)
  A centaur (D:5)
  A phantom (D:7)
  A kobold brigand (D:6)
  2 wyvern zombies (D:6)
  2 scorpions
  A necrophage (D:7)
  3 wights (D:8)
  2 water moccasin zombies (D:6)
  A water moccasin skeleton (D:6)
  A centaur zombie (D:6)
  2 jellies
  4 hounds
  A centaur skeleton (D:6)
  2 gnoll boudas
  7 orc priests
  6 bullfrog zombies (D:6)
  Terence (D:2)
  2 iguanas
  10 orc wizards
  8 gnolls
  2 howler monkey zombies (D:6)
  2 adders
  3 white imps
  3 ufetubi
  A worm (D:4)
  2 dart slugs
  28 orcs
  8 ball pythons
  4 bats
  6 endoplasms
  A giant cockroach (D:4)
  8 goblins
  7 hobgoblins
  4 quokkas
  4 frilled lizards
  11 kobolds
  4 rats
170 creatures vanquished.

Notes
Turn   | Place    | Note
-------+----------+-------------------------------------------
     0 | D:1      | Aibolit the Hill Orc Fighter began the quest for the Orb.
     0 | D:1      | Reached XP level 1. HP: 19/19 MP: 1/1
   136 | D:1      | Reached XP level 2. HP: 27/27 MP: 2/2
   618 | D:1      | Reached XP level 3. HP: 30/33 MP: 3/3
   880 | D:2      | Reached skill level 3 in Axes
   882 | D:2      | Found Kaolunua's General Store.
   885 | D:2      | Found Soxal's Assorted Antiques.
  1010 | D:2      | Noticed Terence
  1019 | D:2      | Killed Terence
  1074 | D:2      | Found Caop Hoa's Weapon Shoppe.
  1165 | D:2      | Found Dekkic's Assorted Antiques.
  1175 | D:2      | Bought a scroll labelled KEMUOT CANYUD for 18 gold pieces
  1219 | D:2      | Reached XP level 4. HP: 40/41 MP: 4/4
  1439 | D:2      | Found Tifro Ipi's Antique Weapon Boutique.
  1473 | D:2      | Reached skill level 4 in Axes
  1590 | D:2      | Identified a scroll of acquirement
  1590 | D:2      | Acquired 540 gold pieces
  1691 | D:2      | Bought a potion of might for 56 gold pieces
  1691 | D:2      | Bought a +1 pair of gloves of strength for 231 gold pieces
  1691 | D:2      | Bought a scroll of identify for 28 gold pieces
  1701 | D:2      | Bought a scroll labelled IFAIBLATOR for 28 gold pieces
  1701 | D:2      | Bought a pair of boots for 126 gold pieces
  1701 | D:2      | Bought a ruby potion for 25 gold pieces
  1710 | D:2      | Bought a clear potion for 16 gold pieces
  1710 | D:2      | Bought a potion of might for 72 gold pieces
  1985 | D:3      | Reached XP level 5. HP: 45/47 MP: 5/5
  2084 | D:3      | Found a shimmering altar of Xom.
  2475 | D:3      | Found a burning altar of Makhleb.
  2502 | D:3      | Reached skill level 5 in Axes
  2951 | D:4      | Found Tofrevee's Book Shoppe.
  3116 | D:4      | Noticed Edmund
  3129 | D:4      | Killed Edmund
  3130 | D:4      | Reached XP level 6. HP: 27/53 MP: 6/6
  3145 | D:4      | Reached skill level 6 in Axes
  3145 | D:4      | Reached skill level 1 in Dodging
  3249 | D:4      | Found a shimmering blue altar of Sif Muna.
  3410 | D:4      | Found a sand-covered staircase.
  3603 | D:4      | Reached skill level 5 in Fighting
  3818 | D:5      | Entered Level 5 of the Dungeon
  3833 | D:5      | Noticed Eustachio
  3835 | D:5      | Noticed a black bear
  3842 | D:5      | Killed Eustachio
  3843 | D:5      | Reached skill level 7 in Axes
  3843 | D:5      | Reached XP level 7. HP: 61/61 MP: 7/7
  3887 | D:5      | Noticed Grinder
  3897 | D:5      | Reached skill level 5 in Armour
  3903 | D:5      | Paralysed by Grinder for 2 turns
  3904 | D:5      | Killed Grinder
  3905 | D:5      | Reached skill level 8 in Axes
  3905 | D:5      | Reached skill level 5 in Shields
  3905 | D:5      | Reached XP level 8. HP: 47/69 MP: 8/8
  4023 | D:5      | Found a radiant altar of Vehumet.
  4281 | D:5      | Noticed Sigmund
  4293 | D:5      | Killed Sigmund
  4459 | D:5      | Found a shadowy altar of Dithmenos.
  4459 | D:5      | Found a stormy altar of Qazlal.
  4461 | D:5      | Found a sparkling altar of Nemelex Xobeh.
  4593 | D:5      | Reached skill level 9 in Axes
  4659 | D:5      | Became a worshipper of Nemelex Xobeh the Trickster
  5035 | D:6      | Reached skill level 10 in Axes
  5035 | D:6      | Reached XP level 9. HP: 44/75 MP: 9/9
  5339 | D:6      | Noticed Menkaure
  5347 | D:6      | Killed Menkaure
  5469 | D:6      | Found a staircase to the Ecumenical Temple.
  5521 | Temple   | Entered the Ecumenical Temple
  5668 | Temple   | Fell from the grace of Nemelex Xobeh
  5668 | Temple   | Became a worshipper of Gozag Ym Sagoz the Greedy
  5892 | D:6      | Reached skill level 11 in Axes
  6541 | D:7      | Reached skill level 12 in Axes
  7006 | D:8      | Reached XP level 10. HP: 67/86 MP: 10/10
  7270 | D:8      | Slain by a wight

Illustrated notes

Levels and vault maps discovered:
D:1:      erik_arrival_orb_chamber, layout_loops_corners
D:2:      layout_loops_ring, serial_shops, nicolae_square_shop, shop, shop,
          nicolae_diamond_shop, shop, minmay_split_cup_large, uniq_terence
D:3:      layout_loops_corners, bloody_makhleb, mainiacjoe_overflow_tiny_flanked
D:4:      layout_basic, mainiacjoe_overflow_concentric_impassable,
          enter_ossuary_2, serial_shops, nicolae_shop_hallway_stairs,
          skrybe_limestone_x, uniq_edmund
D:5:      layout_basic, minitemple, mainiacjoe_overflow_boulevard, uniq_grinder,
          uniq_sigmund, uniq_eustachio
D:6:      layout_rooms, temple_doors_e, serial_undead, serial_undead_e,
          serial_undead_e, serial_undead_b, serial_undead_a, serial_undead_f,
          serial_undead_c, serial_undead_b, serial_undead_b, serial_undead_a,
          serial_undead_b, uniq_menkaure
D:7:      layout_loops_ring
D:8:      layout_rooms, serial_corexii_hall, corexii_hall_statues_deadend,
          chequers_hall_statues_wall_a, corexii_hall_statues_deadend
Temple:   hellmonk_temple_forest_ring

Skill      XL: |  1  2  3  4  5  6  7  8  9 |
---------------+----------------------------+-----
Fighting       | 4 5 6 7 |  7.5
Axes           | 3 4 5 7 8 10 12 | 12.5
Shields        | 4 5 6 7 |  7.2
Armour         | 4 5 6 7 |  7.5
Dodging        | 1 2 |  2.5

Action                   |  1- 3 |  4- 6 |  7- 9 | 10-12 || total
-------------------------+-------+-------+-------+-------++-------
Melee: War axe           |    76 |   146 |   311 |    28 ||   561
  Use: Scroll            |     4 |     7 |     3 |     1 ||    15
Armor: Scale mail        |    32 |    51 |     6 |       ||    89
       Chain mail        |       |       |   124 |    13 ||   137
Dodge: Dodged            |    32 |    55 |    77 |    10 ||   174
Block: Buckler           |    31 |    66 |   135 |    17 ||   249
       Reflection        |       |     1 |     1 |       ||     2

Table legend: (Time is in decaauts)
 A = Elapsed time spent in this place.
 B = Non-inter-level travel time spent in this place.
 C = Inter-level travel time spent in this place.
 D = Time resting spent in this place.
 E = Time spent auto-exploring this place.
 F = Levels seen in this place.
 G = Mean time per level.
                   A        B        C        D        E       F      G
               +--------+--------+--------+--------+--------+-----+--------+
         Total |   7343 |   6750 |    593 |    655 |   4903 |   9 |  815.9 |
       Dungeon |   7181 |   6620 |    561 |    655 |   4785 |   8 |  897.6 |
        Temple |    161 |    129 |     32 |      0 |    118 |   1 |  161.0 |
               +--------+--------+--------+--------+--------+-----+--------+

Top non-repeatable levels by time:
     D:5: 1132 daAuts
     D:2: 1089 daAuts
     D:3: 1032 daAuts
     D:7: 1017 daAuts
     D:1: 884 daAuts
     D:4: 880 daAuts
     D:6: 868 daAuts
     D:8: 277 daAuts
  Temple: 161 daAuts
